 Dungeon Crawl Stone Soup version 0.26-a0-259-g1effd001a9 (webtiles) character file.

Game seed: 13455530035946361265

22 Error4North the Skirmisher (level 2, -3/29 HPs)
             Began as a Hill Orc Fighter on July 4, 2020.
             Killed by nerve-wracking pain
             ... invoked by Jessica
              (9 damage)
             ... on level 2 of the Dungeon on July 16, 2020.
             The game lasted 00:02:25 (1020 turns).

Error4North the Skirmisher (Hill Orc Fighter)       Turns: 1020, Time: 00:02:25

Health: -3/29      AC:  6    Str: 16    XL:     2   Next: 91%
Magic:  2/2        EV:  7    Int:  8    God:
Gold:   37         SH:  8    Dex: 10    Spells: 1/1 levels left

rFire    + . .     SeeInvis .   a - +0 war axe
rCold    + . .     Faith    .   c - +0 kite shield
rNeg     . . .     Spirit   .   b - +0 scale mail
rPois    +         Reflect  .   (no helmet)
rElec    +         Harm     .   (no cloak)
rCorr    +                      (no gloves)
MR       .....                  (no boots)
Stlth    ..........             (no amulet)
HPRegen  0.09/turn              (no ring)
MPRegen  0.08/turn              (no ring)

@: resistant, slowed, very slow
A: robust 1, weak 1
a: no special abilities


You were on level 2 of the Dungeon.
You were not hungry.

You visited 1 branch of the dungeon, and saw 2 of its levels.

You collected 37 gold pieces.

Inventory:

Hand Weapons
 a - a +0 war axe (weapon)
Armour
 b - a +0 scale mail (worn)
 c - a +0 kite shield (worn)
 k - a +0 pair of gloves
Scrolls
 e - a scroll of teleportation {unknown}
 h - a scroll of identify {unknown}
Potions
 d - a potion of might
 i - a potion of lignification {unknown}
 j - a potion of mutation
Comestibles
 f - 3 rations


   Skills:
 * Level 3.9 Fighting
 + Level 3.0 Axes
 * Level 3.6 Armour
 + Level 0.1 Stealth
 * Level 3.6 Shields


You had one spell level left.
You didn't know any spells.
Your spell library was empty.

Dungeon Overview and Level Annotations

Branches:
Dungeon (2/15)

Altars:

Annotations:
D:2 Jessica


Innate Abilities, Weirdness & Mutations

You are robust. (+10% HP)
You are weak. (Str -2)


Message History

Your shield and scale mail prevent you from hitting the bat.
The bat hits you. Jessica hits you with a +9 club.
* * * LOW HITPOINT WARNING * * *
Jessica says, "I'm really upset."
You block Jessica's attack.
It was a potion of resistance.
You feel protected. You block the bat's attack. Jessica completely misses you.
The bat hits you but does no damage. You block Jessica's attack.
Your shield and scale mail prevent you from hitting Jessica.
Jessica is severely wounded.
You closely miss the bat. The bat closely misses you.
Jessica gestures at you while chanting.
You feel yourself slow down. You block Jessica's attack.
It was a potion of mutation.
You feel extremely strange.
You feel weaker.
You feel robust. The bat barely misses you. x2
Jessica points at you and mumbles some strange words.
Pain shoots through your body!
You die...

#.# ## # #.# #.
.##.## ###. .>...
... ## ....#
..###.## ....## #
..#..!# .....##
#.#...# .)....#
#...@###
.....###########@).#
...........#
#b###### .#
..)..#####.##
#..#...#..# #.#.##
##.†.#####.......###
#.#.#
#............>.....#
#.#.#
##..........######.#
#.#.# ##..#.####..#
#.#.####...#.####..#
#.#......#...#.....#


You could see Jessica (fast) and a bat.

Vanquished Creatures
  A leopard gecko (D:1)
  A giant cockroach (D:2)
  3 goblins (D:1)
  4 hobgoblins
  2 jackals (D:2)
  3 kobolds (D:1)
  2 bats (D:2)
  2 rats (D:1)
18 creatures vanquished.

Notes
Turn   | Place    | Note
-------+----------+-------------------------------------------
     0 | D:1      | Error4North the Hill Orc Fighter began the quest for the
                  | Orb.
     0 | D:1      | Reached XP level 1. HP: 19/19 MP: 1/1
   357 | D:1      | Reached XP level 2. HP: 27/27 MP: 2/2
   448 | D:1      | Upgraded the game from 0.26-a0-190-g75a3d40d47 to
                  | 0.26-a0-259-g1effd001a9
  1000 | D:2      | Noticed Jessica
  1020 | D:2      | Gained mutation: You are weak. (Str -2) [potion of
                  | mutation]
  1020 | D:2      | Gained mutation: You are robust. (+10% HP) [potion of
                  | mutation]
  1020 | D:2      | Killed from afar by Jessica

Illustrated notes

Levels and vault maps discovered:
D:1:      dpeg_arrival_concentric_ovals, layout_basic, serial_glass,
          glass_columns_b, glass_columns_a, glass_columns_a, glass_columns_c,
          glass_columns_c, glass_columns_a, glass_columns_b, glass_columns_a,
          glass_columns_b, glass_columns_b, glass_columns_b, glass_columns_b,
          glass_columns_a, glass_columns_b, minmay_misc_feat_columns
D:2:      layout_loops_ring, gammafunk_temple_overflow_arena,
          overflow_temple_1_default, chequers_temple_overflow_statue_of_worship,
          minmay_between, uniq_jessica

Skill      XL: |  1  2 |
---------------+-------+-----
Axes           | 3 |  3.0
Fighting       | |  3.9
Armour         | |  3.6
Stealth        | |  0.1
Shields        | |  3.6

Action                   || total
-------------------------++-------
Melee: War axe           ||    62
  Use: Potion            ||     2
Armor: Scale mail        ||    40
Dodge: Dodged            ||    25
Block: Kite shield       ||    41

Table legend:
 A = Non-vault XP
 B = Vault XP
 C = Vault XP percentage of total XP
 D = Non-vault monster count
 E = Vault monster count
 F = Vault count percentage of total count
                 A         B        C        D         E       F
            +---------+---------+-------+---------+---------+-------
      Total |      27 |       5 |  15.6 |      15 |       3 |  16.7
            +---------+---------+-------+---------+---------+-------
        D:1 |      18 |       0 |   0.0 |      10 |       0 |   0.0
        D:2 |       9 |       5 |  35.7 |       5 |       3 |  37.5
            +---------+---------+-------+---------+---------+-------
